 Dungeon Crawl Stone Soup version 0.29-a0-297-g7659ce593d (webtiles) character file.

Game seed: 6618078816752398462

139118 zifer the Unseen (level 16, -2/85 HPs)
             Began as a Spriggan Enchanter on Mar 20, 2022.
             Was the Champion of Dithmenos.
             Slain by a salamander (10 damage)
             ... on level 3 of the Snake Pit.
             The game lasted 01:42:45 (26077 turns).

zifer the Unseen (Spriggan Enchanter)              Turns: 26077, Time: 01:42:46

Health: -2/85      AC: 11    Str: 10    XL:     16   Next: 72%
Magic:  37/37      EV: 37    Int: 18    God:    Dithmenos [******]
Gold:   3273       SH:  0    Dex: 18    Spells: 29/48 levels left

rFire   . . .      SeeInvis +   F - +5 dagger (speed)
rCold   . . .      Faith    .   (no shield)
rNeg    . . .      Spirit   .   h - +3 steam dragon scales
rPois   +          Reflect  .   (helmet restricted)
rElec   .          Harm     .   w - +2 cloak
rCorr   .          Rampage  .   (gloves unavailable)
Will    ++...                   (boots unavailable) Stlth *****+++++
                                a - amulet of the Magpie {RegenMP rPois Regen+ Slay+2}
HPRegen 1.04/turn               K - +4 ring of evasion
MPRegen 0.65/turn               j - +4 ring of evasion

@: slowed, wreathed by umbra, studying Throwing, quick
A: very small, no large weapons, unfitting armour, see invisible, speed 3,
hooves 1, agile 1, no potion heal 1
a: Renounce Religion, Shadow Step, Shadow Form


You were on level 3 of the Snake Pit.
You worshipped Dithmenos.
Dithmenos was exalted by your worship.
You visited 5 branches of the dungeon, and saw 27 of its levels.
You also visited: Volcano.

You collected 4247 gold pieces.
You spent 974 gold pieces at shops.

Inventory:

Hand Weapons
 i - a +3 rapier of electrocution
 r - a +0 rapier of speed
 F - a +5 dagger of speed (weapon)
Missiles
 f - 5 throwing nets
 k - 44 poisoned darts (quivered)
 L - 5 curare-tipped darts
Armour
 h - +3 steam dragon scales (worn)
 o - a +2 robe of resistance
 w - a +2 cloak (worn)
Jewellery
 a - the amulet of the Magpie (around neck) {RegenMP rPois Regen+ Slay+2}
   (You acquired it on level 4 of the Dungeon)

   [amulet of magic regeneration]

   It increases your rate of magic regeneration.
   Slay:      It affects your accuracy & damage with ranged weapons and melee
   (+2).
   rPois:     It protects you from poison.
   Regen:     It increases your rate of health regeneration.
 j - a +4 ring of evasion (right hand)
 K - a +4 ring of evasion (left hand)
Wands
 d - a wand of paralysis (5)
 s - a wand of iceblast (15)
 v - a wand of flame (46)
 y - a wand of charming (5)
 z - a wand of digging (5)
 C - a wand of mindburst (23)
 S - a wand of polymorph (2)
Scrolls
 u - a scroll of summoning
 M - 10 scrolls of teleportation
 N - a scroll of holy word
 O - 3 scrolls of magic mapping
 P - 4 scrolls of fog
 R - 2 scrolls of fear
 T - 9 scrolls of identify
Potions
 c - a potion of invisibility
 e - 3 potions of ambrosia
 l - 4 potions of flight
 n - 12 potions of curing
 q - 3 potions of cancellation
 t - 2 potions of haste
 D - a potion of resistance
 H - 5 potions of magic
 I - 3 potions of brilliance
Miscellaneous
 g - a condenser vane (inert)
 A - a phial of floods
 E - a lightning rod (3/4)
 G - a phantom mirror
 Q - a tin of tremorstones (2/2)


   Skills:
 + Level 9.8 Fighting
 - Level 12.0 Short Blades
 + Level 15.1 Dodging
 + Level 20.9 Stealth
 + Level 16.7 Spellcasting
 + Level 17.0 Hexes
 - Level 3.0 Earth Magic


You had 29 spell levels left.
You knew the following spells:

 Your Spells              Type           Power      Damage    Failure   Level
a - Ensorcelled Hibernat  Hex/Ice        90%        N/A       1%          2
b - Tukima's Dance        Hex            66%        N/A       0%          3
c - Dazzling Flash        Conj/Hex       90%        N/A       1%          3
d - Confusing Touch       Hex            66%        N/A       0%          3
e - Summon Mana Viper     Hex/Summ       45%        N/A       3%          5
f - Stone Arrow           Conj/Erth      40%        3d9       6%          3

Your spell library contained the following spells:

 Spells                   Type           Power      Damage    Failure   Level
 Slow                     Hex            100%       N/A       0%          1
 Inner Flame              Hex/Fire       45%        N/A       1%          3
 Portal Projectile        Hex/Tloc       90%        N/A       1%          3
 Summon Guardian Golem    Hex/Summ       45%        N/A       1%          3
 Cause Fear               Hex            33%        N/A       1%          4
 Leda's Liquefaction      Hex/Erth       25%        N/A       1%          4
 Animate Skeleton         Necr           30%        N/A       4%          1
 Pain                     Necr           60%        1d7       4%          1
 Summon Small Mammal      Summ           60%        N/A       4%          1
 Static Discharge         Conj/Air       15%        N/A       6%          2
 Sublimation of Blood     Necr           15%        N/A       6%          2
 Call Canine Familiar     Summ           15%        N/A       12%         3
 Ozocubu's Armour         Ice            15%        N/A       12%         3
 Vampiric Draining        Necr           15%        2d7       12%         3
 Animate Armour           Summ/Erth      40%        N/A       22%         4
 Petrify                  Tmut/Erth      20%        N/A       22%         4
 Discord                  Hex            33%        N/A       24%         8
 Airstrike                Air            7%         N/A       36%         4
 Summon Lightning Spire   Summ/Air       15%        N/A       36%         4
 Irradiate                Conj/Tmut      7%         3d16      73%         5
 Lightning Bolt           Conj/Air       7%         1d20      73%         5
 Summon Forest            Summ/Tloc      7%         N/A       73%         5
 Summon Cactus Giant      Summ           7%         N/A       99%         6
 Orb of Destruction       Conj           7%         9d6       100%        7
 Ozocubu's Refrigeration  Ice            7%         4d6       100%        7
 Spellforged Servitor     Conj/Summ      7%         N/A       100%        7
 Lehudib's Crystal Spear  Conj/Erth      10%        10d4      100%        8
 Maxwell's Capacitive Co  Air            7%         ∞         100%        8


Dungeon Overview and Level Annotations

Branches:
Dungeon (15/15)            Temple (1/1) D:6            Lair (6/6) D:9
 Shoals (0/4) Lair:3        Snake (3/4) Lair:3        Slime (0/5) Lair:6
    Orc (2/2) D:12            Elf (0/3) Orc:2        Vaults (0/5) D:13
 Depths (0/4) D:15        Volcano (visited)

Altars:
Ashenzari
Cheibriados
Dithmenos
Fedhas
Gozag
Kikubaaqudgha
Nemelex Xobeh
Okawaru
Sif Muna
Trog
Uskayaw
Vehumet
Wu Jian
Xom
Yredelemnul
The Shining One

Shops:
D:5 *   D:9 [   D:10 *   Orc:2 *[=*   Snake:1 *

Annotations:
Snake:3 2 transporters
Orc:2 2 runed translucent doors, exclusion: orange crystal statue


Innate Abilities, Weirdness & Mutations

You are very small and have problems with some larger weapons.
You are too small for most types of armour.
You have supernaturally acute eyesight. (SInv)
You cover ground extremely quickly. (Speed+++)
You have large cloven feet.
You are agile. (Dex +2)
Potions are less effective at restoring your health.


Message History

Casting: Tukima's Dance (safe; 0% risk of failure)
Confirm with . or Enter, or press ? or * to list all spells.
Aiming: Tukima's Dance (safe; 0% risk of failure)
Press: ? - help, Shift-Dir - straight line, f/p - naga ritualist
Aim: a naga ritualist, wielding a +0 scimitar and wearing a +0 robe (black smoke, concentrated venom, umbra, chance to affect: 45%)
The +0 scimitar dances into the air!
The salamander hits you.
You are engulfed in flames!
* * * LOW HITPOINT WARNING * * *
Your +0 scimitar hits the naga ritualist!
Your +0 scimitar hits the naga ritualist!
The naga mage spits poison at you. The splash of poison misses you.
The naga ritualist utters an invocation to its god.
The naga ritualist begins to radiate toxic energy.
* * * LOW HITPOINT WARNING * * *
There is an open door here.
Unknown command.
Unknown command.
Unknown command.
* * * LOW HITPOINT WARNING * * *
You are poisoned.
Your +0 scimitar hits the naga ritualist!
You feel sick.
You feel sick.
You open the door.
You feel sick.
You are no longer poisoned.
* * * LOW HITPOINT WARNING * * *
You are poisoned.
The naga ritualist's toxic aura wanes.
The salamander misses you.
You feel sick.
There is an open door here.
You feel sick.
You feel sick.
There is a stone staircase leading up here.
Magic restored.
You feel sick.
You are no longer poisoned.
The salamander hits you!
* * * LOW HITPOINT WARNING * * *
You are engulfed in flames!
You die...

...!.....###............##
##......###........###...#
#......##........## ###.#
##...............# ##.#
##...............#####..#
##..§..............##....#
#(..§§§..................#
...[§§§....#####.........#
.)..N§§§(.(N...#@........#
...#######.#...#N........#
...#.....#.+...'.........##
...#..)..'.#...#..........#
...#.....#.#...#..^...#####
...##'##+#.#####.....##
....................##
..).................#
..#................##


You could see a salamander.

Vanquished Creatures
  Saint Roka (Snake:3)
  Nikola (Snake:1)
  Mlioglotl (Snake:3)
  Jorgrun (D:15)
  Donald (Snake:3)
  A stone giant (D:15)
  A fire dragon (Volcano)
  2 vault guards (D:13)
  3 naga warriors
  A boulder beetle (D:14)
  Erolcha (D:9)
  Harold (D:11)
  11 hydras
  An ogre mage (D:15)
  7 two-headed ogres
  9 anacondas
  A death knight (D:14)
  A merfolk avatar (Lair:6)
  10 death yaks
  Erica (Lair:2)
  8 centaur warriors
  2 tengu warriors
  An orc high priest (Orc:1)
  8 naga sharpshooters
  3 shock serpents
  Sonja (Orc:1)
  Amaemon (D:8)
  3 skeletal warriors (D:12)
  A salamander mystic (Snake:3)
  A deep elf archer (D:13)
  5 lindwurms
  4 naga ritualists
  A necromancer (D:13)
  5 orc knights
  Pikel (D:5)
  3 wizards (D:13)
  7 mana vipers
  6 salamanders
  2 ugly things
  3 manticores
  8 cyclopes
  An elephant (Lair:6)
  A black mamba (shapeshifter) (D:8)
  A molten gargoyle (Lair:1)
  30 black mambas
  2 gargoyles (D:12)
  2 guardian serpents
  A smoke demon (Volcano)
  8 naga magi
  A torpor snail (Lair:4)
  3 unseen horrors (D:12)
  15 komodo dragons
  19 cane toads
  An orange demon (D:8)
  Maggie (D:7)
  A kobold demonologist (D:13)
  An efreet (D:15)
  A yaktaur (D:14)
  4 rime drakes
  7 tengu conjurers
  8 trolls
  4 polar bears
  2 hornets (Lair:6)
  2 wind drakes (Lair:6)
  2 dream sheep (Lair:4)
  10 slime creatures
  7 blink frogs
  62 yaks
  5 wyverns
  A fire elemental (Lair:1)
  A hog (shapeshifter) (D:13)
  19 humans (D:13)
  6 fire bats (Lair:1)
  11 steam dragons
  3 vampire mosquitoes (D:12)
  4 basilisks
  15 nagas
  3 wargs
  A hell hound (Volcano)
  An acid dragon (D:8)
  20 water moccasins
  24 orc warriors
  A sky beast (D:6)
  2 ice beasts
  4 black bears
  10 wolves
  12 ogres
  22 centaurs
  4 kobold brigands
  9 bullfrogs
  4 scorpions
  3 gnoll sergeants
  Dowan (D:4)
  3 wights (D:9)
  5 killer bees (D:8)
  2 electric eels (Lair:6)
  A lava snake (Lair:1)
  2 howler monkeys
  3 jellies
  A gnoll shaman (D:6)
  5 orc priests
  3 hounds
  Jessica (D:2)
  Terence (D:2)
  An iguana (D:7)
  8 orc wizards
  3 hell rats
  4 adders
  13 gnolls
  A river rat (D:9)
  2 shadow imps
  A white imp (D:3)
  2 worms (D:4)
  5 dart slugs
  45 orcs
  6 ball pythons
  10 endoplasms
  3 giant cockroaches
  11 goblins
  8 hobgoblins
  7 jackals
  6 quokkas
  6 bats
  2 frilled lizards
  A goblin skeleton (D:3)
  23 kobolds
  A kobold skeleton (D:3)
  A kobold zombie (D:3)
  An orc skeleton (D:3)
  2 orc zombies (D:3)
  6 rats
  2 fire vortices (Lair:1)
721 creatures vanquished.

Vanquished Creatures (collateral kills)
  The ghost of Tevar the Grappler, a journeyman TrAK of Lugonu (Lair:3)
  A salamander (Snake:2)
  A slime creature (D:11)
  A vampire mosquito (D:11)
  A warg (Orc:2)
  A naga (Lair:3)
  Duvessa (D:4)
  7 orc warriors
  An ogre (D:6)
  An orc priest (Snake:3)
  Crazy Yiuf (D:5)
  An orc wizard (D:8)
  A hell rat (D:9)
  6 gnolls
  5 orcs
  2 kobolds (D:13)
32 creatures vanquished.

Vanquished Creatures (others)
  27 dancing weapons
  A kobold (D:7)
  19 fungi
  109 plants
156 creatures vanquished.

Grand Total: 909 creatures vanquished

Notes
Turn   | Place    | Note
-------+----------+-------------------------------------------
     0 | D:1      | zifer the Spriggan Enchanter began the quest for the Orb.
     0 | D:1      | Reached XP level 1. HP: 9/9 MP: 5/5
   127 | D:1      | Reached XP level 2. HP: 8/13 MP: 7/7
   254 | D:1      | Found a faded altar of an unknown god.
   712 | D:2      | Noticed Terence
   785 | D:2      | Learned a level 2 spell: Ensorcelled Hibernation
  1146 | D:2      | Killed Terence
  1147 | D:2      | Reached XP level 3. HP: 16/16 MP: 9/9
  1151 | D:2      | Learned a level 3 spell: Tukima's Dance
  1155 | D:2      | Learned a level 3 spell: Confusing Touch
  1333 | D:2      | Noticed Jessica
  1347 | D:2      | Killed Jessica
  1348 | D:2      | Reached skill level 5 in Hexes
  1348 | D:2      | Reached XP level 4. HP: 15/21 MP: 11/11
  1776 | D:3      | Learned a level 3 spell: Dazzling Flash
  2268 | D:3      | Found a glowing golden altar of the Shining One.
  2564 | D:3      | Identified the +1 flail "Fuqoc" {spect, Dex+7}
  2600 | D:3      | Reached skill level 5 in Spellcasting
  2600 | D:3      | Reached XP level 5. HP: 18/24 MP: 11/13
  3195 | D:4      | Identified a scroll of acquirement
  3195 | D:4      | Acquired the amulet of the Magpie {RegenMP rPois Regen+
                  | Slay+2}
  3258 | D:4      | Noticed a black bear
  3266 | D:4      | Killed a black bear
  3267 | D:4      | Reached skill level 5 in Stealth
  3421 | D:4      | Noticed Duvessa
  3426 | D:4      | Noticed Dowan
  3435 | D:4      | Killed Duvessa
  3436 | D:4      | Reached XP level 6. HP: 24/28 MP: 13/15
  3465 | D:4      | Killed Dowan
  3466 | D:4      | Reached skill level 6 in Stealth
  3762 | D:4      | Reached XP level 7. HP: 32/32 MP: 13/17
  3796 | D:4      | Reached skill level 7 in Stealth
  4258 | D:5      | Entered Level 5 of the Dungeon
  4307 | D:5      | Found Voidil's General Store.
  4337 | D:5      | Noticed Pikel
  4366 | D:5      | Killed Pikel
  4367 | D:5      | Reached skill level 8 in Stealth
  4367 | D:5      | Reached XP level 8. HP: 36/36 MP: 17/20
  4480 | D:5      | Bought a scroll of immolation for 42 gold pieces
  4480 | D:5      | Bought a scroll of identify for 24 gold pieces
  4480 | D:5      | Bought a potion of curing for 36 gold pieces
  4683 | D:5      | Reached skill level 9 in Stealth
  4793 | D:5      | Found a runed translucent door.
  4794 | D:5      | Noticed Crazy Yiuf
  4800 | D:5      | Killed Crazy Yiuf
  5090 | D:7      | Reached skill level 10 in Stealth
  5294 | D:6      | Found a staircase to the Ecumenical Temple.
  5308 | Temple   | Entered the Ecumenical Temple
  5373 | Temple   | Became a worshipper of Dithmenos the Shadowed
  5428 | D:6      | Reached XP level 9. HP: 39/39 MP: 22/22
  5462 | D:6      | Found a sparkling altar of Nemelex Xobeh.
  5565 | D:6      | Reached skill level 11 in Stealth
  5868 | D:7      | Found an ornate altar of the Wu Jian Council.
  5951 | D:7      | Noticed Maggie
  5963 | D:7      | Killed Maggie
  5964 | D:7      | Reached skill level 10 in Hexes
  6704 | D:8      | Noticed Amaemon
  6710 | D:8      | Noticed an orange demon
  6720 | D:8      | Killed Amaemon
  6721 | D:8      | Reached skill level 12 in Stealth
  6721 | D:8      | Reached skill level 10 in Spellcasting
  6724 | D:8      | Killed an orange demon
  6724 | D:8      | Reached * piety under Dithmenos
  6785 | D:8      | Noticed a white ugly thing
  6785 | D:8      | Noticed a black mamba
  6793 | D:8      | Killed a white ugly thing
  6794 | D:8      | Reached skill level 1 in Fighting
  6794 | D:8      | Reached XP level 10. HP: 45/45 MP: 25/25
  6795 | D:8      | Killed a black mamba
  6849 | D:8      | Gained mutation: You are clumsy. (Dex -2) [potion of
                  | mutation]
  6849 | D:8      | Gained mutation: Your body sometimes deteriorates upon
                  | taking damage. [potion of mutation]
  6849 | D:8      | Gained mutation: Your body often deteriorates upon taking
                  | damage. [potion of mutation]
  6849 | D:8      | Gained mutation: Your spells are a little harder to cast,
                  | but a little more powerful. [potion of mutation]
  6850 | D:8      | Lost mutation: Your body often deteriorates upon taking
                  | damage. [potion of mutation]
  6850 | D:8      | Lost mutation: Your body sometimes deteriorates upon taking
                  | damage. [potion of mutation]
  6850 | D:8      | Lost mutation: You are clumsy. (Dex -2) [potion of
                  | mutation]
  6850 | D:8      | Gained mutation: Your body sometimes deteriorates upon
                  | taking damage. [potion of mutation]
  7424 | D:9      | Found Hirurgh's Armour Boutique.
  7484 | D:9      | Noticed a death yak
  7501 | D:9      | Reached skill level 13 in Stealth
  7600 | D:9      | Lost mutation: Your body sometimes deteriorates upon taking
                  | damage. [potion of mutation]
  7600 | D:9      | Lost mutation: Your spells are a little harder to cast, but
                  | a little more powerful. [potion of mutation]
  7600 | D:9      | Gained mutation: You are occasionally teleported next to
                  | monsters. [potion of mutation]
  7600 | D:9      | Gained mutation: You expend magic power (3 MP) to
                  | strengthen your wands. [potion of mutation]
  7604 | D:9      | Found a staircase to the Lair.
  7918 | D:9      | Reached skill level 5 in Dodging
  7983 | D:9      | Reached ** piety under Dithmenos
  8270 | D:9      | Noticed Erolcha
  8361 | D:9      | Noticed a death yak
  8363 | D:9      | Noticed a death yak
  8459 | D:9      | Killed a death yak
  8460 | D:9      | Reached XP level 11. HP: 39/52 MP: 27/27
  8462 | D:9      | Killed a death yak
  8462 | D:9      | Killed a death yak
  8587 | D:9      | Killed Erolcha
  8588 | D:9      | Reached skill level 5 in Short Blades
  8588 | D:9      | Reached skill level 14 in Stealth
  8624 | D:9      | Lost mutation: You expend magic power (3 MP) to strengthen
                  | your wands. [potion of mutation]
  8624 | D:9      | Lost mutation: You are occasionally teleported next to
                  | monsters. [potion of mutation]
  8624 | D:9      | Gained mutation: You sometimes lose the ability to read
                  | scrolls when taking damage. [potion of mutation]
  8624 | D:9      | Gained mutation: Your body sometimes deteriorates upon
                  | taking damage. [potion of mutation]
  8624 | D:9      | Gained mutation: You possess an exceptional clarity of
                  | mind. [potion of mutation]
  8742 | D:10     | Entered Level 10 of the Dungeon
  8776 | D:10     | Found Syusk's Changing Room.
  8791 | D:10     | Bought a potion of mutation for 104 gold pieces
  8793 | D:10     | Lost mutation: Your body sometimes deteriorates upon taking
                  | damage. [potion of mutation]
  8793 | D:10     | Lost mutation: You possess an exceptional clarity of mind.
                  | [potion of mutation]
  8793 | D:10     | Lost mutation: You sometimes lose the ability to read
                  | scrolls when taking damage. [potion of mutation]
  8793 | D:10     | Gained mutation: You have large cloven feet. [potion of
                  | mutation]
  8793 | D:10     | Gained mutation: You are frail. (-10% HP) [potion of
                  | mutation]
  8793 | D:10     | Gained mutation: Potions are less effective at restoring
                  | your health. [potion of mutation]
  8795 | D:10     | Bought a potion of mutation for 104 gold pieces
  8796 | D:10     | Lost mutation: You are frail. (-10% HP) [potion of
                  | mutation]
  8796 | D:10     | Lost mutation: Potions are less effective at restoring your
                  | health. [potion of mutation]
  8796 | D:10     | Gained mutation: Potions are less effective at restoring
                  | your health. [potion of mutation]
  8796 | D:10     | Gained mutation: You are agile. (Dex +2) [potion of
                  | mutation]
  9570 | D:11     | Noticed Harold
  9575 | D:11     | Killed Harold
  9735 | D:11     | Noticed a two-headed ogre
  9742 | D:11     | Killed a two-headed ogre
  9777 | D:11     | Noticed a two-headed ogre
  9783 | D:11     | Killed a two-headed ogre
  9783 | D:11     | Reached *** piety under Dithmenos
 10337 | D:12     | Found a staircase to the Orcish Mines.
 10349 | D:12     | Reached skill level 15 in Stealth
 10349 | D:12     | Reached XP level 12. HP: 58/58 MP: 23/29
 10377 | D:12     | Noticed a two-headed ogre
 10392 | D:12     | Killed a two-headed ogre
 10609 | D:12     | Reached skill level 5 in Fighting
 10734 | D:13     | Noticed a centaur warrior
 10743 | D:13     | Killed a centaur warrior
 10858 | D:13     | Noticed a centaur warrior
 10868 | D:13     | Killed a centaur warrior
 10871 | D:13     | Reached **** piety under Dithmenos
 11014 | D:13     | Noticed a centaur warrior
 11016 | D:13     | Killed a centaur warrior
 11250 | D:13     | Reached skill level 16 in Stealth
 11409 | D:13     | Noticed a tengu warrior
 11438 | D:13     | Killed a tengu warrior
 11999 | D:13     | Reached XP level 13. HP: 65/65 MP: 27/31
 12046 | D:13     | Reached skill level 10 in Dodging
 12189 | D:13     | Found a gate to the Vaults.
 13040 | Lair:1   | Entered Level 1 of the Lair of Beasts
 13165 | Lair:1   | Reached skill level 17 in Stealth
 13232 | Lair:1   | Reached ***** piety under Dithmenos
 13921 | Lair:2   | Noticed Erica
 13931 | Lair:2   | Killed Erica
 14605 | Lair:3   | Found an opulent altar of Gozag.
 14884 | Lair:3   | Found a staircase to the Shoals.
 15066 | Lair:3   | Reached XP level 14. HP: 63/72 MP: 33/33
 15149 | Lair:3   | Found a staircase to the Snake Pit.
 15247 | Lair:3   | Learned a level 5 spell: Summon Mana Viper
 15251 | Lair:3   | Learned a level 3 spell: Stone Arrow
 15536 | Lair:3   | Found a runed translucent gate.
 15536 | Lair:3   | Found a runed translucent gate.
 15537 | Lair:3   | Found a runed translucent gate.
 15539 | Lair:3   | Noticed Tevar's ghost (journeyman TrAK)
 15746 | Lair:3   | Reached skill level 1 in Earth Magic
 16110 | Lair:3   | Killed Tevar's ghost
 16275 | Lair:4   | Reached skill level 18 in Stealth
 16613 | Lair:4   | Reached skill level 10 in Short Blades
 16974 | Lair:5   | Reached skill level 15 in Hexes
 16992 | Lair:5   | Found an ornate altar of the Wu Jian Council.
 17648 | Lair:6   | Entered Level 6 of the Lair of Beasts
 17875 | Lair:6   | Reached ****** piety under Dithmenos
 18015 | Lair:6   | Reached skill level 15 in Spellcasting
 18160 | Lair:6   | Found a staircase to the Slime Pits.
 18329 | Lair:6   | Reached XP level 15. HP: 72/77 MP: 35/35
 19304 | D:12     | Reached skill level 19 in Stealth
 19412 | Orc:1    | Entered Level 1 of the Orcish Mines
 19412 | Orc:1    | Noticed Sonja
 19414 | Orc:1    | Killed Sonja
 19723 | Orc:2    | Entered Level 2 of the Orcish Mines
 19951 | Orc:1    | Found a dark tunnel.
 19956 | Volcano  | Entered a volcano
 20282 | Volcano  | Found the +2 cloak of the Thief {*Fog Slay-2 SInv Stlth+}
 20834 | Orc:2    | Found Ronahaps's Jewellery Emporium.
 20834 | Orc:2    | Found Wuatzaitz's Antique Armour Boutique.
 20836 | Orc:2    | Found Kophayz's General Store.
 20838 | Orc:2    | Found Haaplee's Assorted Antiques.
 20852 | Orc:2    | Bought a potion of resistance for 280 gold pieces
 20852 | Orc:2    | Bought a potion of might for 112 gold pieces
 20852 | Orc:2    | Bought a potion of brilliance for 112 gold pieces
 20857 | Orc:2    | Bought a potion of haste for 160 gold pieces
 21294 | Orc:2    | Found the +10 tower shield of Ignorance {rN+ Int-4}
 21299 | Orc:2    | Found a runed translucent door.
 21329 | Orc:2    | Found a staircase to the Elven Halls.
 21330 | Orc:2    | Found a runed translucent door.
 21606 | D:15     | Entered Level 15 of the Dungeon
 21682 | D:15     | Found a staircase to the Depths.
 21695 | D:15     | Noticed Jorgrun
 21702 | D:15     | Killed Jorgrun
 22550 | Snake:1  | Entered Level 1 of the Snake Pit
 22568 | Snake:1  | Identified the +7 whip of Guilt {pain, rF+ Int+4}
 22928 | Snake:1  | Found Haunwo Jul's Mass Market.
 22999 | Snake:1  | Reached XP level 16. HP: 23/84 MP: 18/36
 23224 | Snake:1  | Reached skill level 20 in Stealth
 23347 | Snake:1  | Acquired 1292 gold pieces
 23727 | Snake:1  | Noticed Nikola
 23733 | Snake:1  | Killed Nikola
 25464 | Snake:3  | Identified the +1 kite shield of Generosity {rElec MP+9
                  | Str-3 Int+8}
 25464 | Snake:3  | Noticed Donald
 25467 | Snake:3  | Killed Donald
 25481 | Snake:3  | Noticed Saint Roka
 25493 | Snake:3  | Noticed Mlioglotl
 25499 | Snake:3  | Killed Saint Roka
 25500 | Snake:3  | Reached skill level 15 in Dodging
 25516 | Snake:3  | Killed Mlioglotl
 25523 | Snake:3  | Found a transporter.
 25714 | Snake:3  | Found a transporter.
 25715 | Snake:3  | Found a bloodstained altar of Trog.
 25807 | Snake:3  | Found Eduuna's General Store.
 26077 | Snake:3  | Slain by a salamander

Illustrated notes

Levels and vault maps discovered:
D:1:      onia_arrival_mini_spirals, layout_rooms, ebering_ecumenical_altar_box,
          corner_web_ring
D:2:      layout_rooms, uniq_jessica, uniq_terence
D:3:      minmay_bubble_buster, layout_basic, nicolae_tso_besieged_by_evil,
          minmay_cut_off
D:4:      layout_basic, serial_bayou, serial_bayou_lagoon_a,
          serial_bayou_lake_a, serial_bayou_pond_a, serial_bayou_pond_b,
          serial_bayou_pond_b, serial_bayou_ford_a, minmay_diced_spiral,
          uniq_duvessa
D:5:      layout_cave_pools, nicolae_inconvenience_store, chequers_mini_garden,
          uniq_pikel, uniq_crazy_yiuf_cottage
D:6:      layout_rooms, mainiacjoe_overflow_alcove_2,
          minmay_temple_entry_drinking_statues
D:7:      layout_gridville, lemuel_coloured_pillars_altar,
          hellmonk_bongcloud_opening, small_statue_intersection, uniq_maggie
D:8:      kennysheep_big_flooded_room, layout_basic, uniq_amaemon
D:9:      layout_basic, dpeg_lair_monsters, serial_shops, shop, uniq_erolcha
D:10:     layout_stronghold, solitary_fountain, nicolae_transmutations_shop
D:11:     layout_roguey, uniq_harold
D:12:     layout_gridville
D:13:     minmay_cornered_nines, layout_gridville, grunt_vaults_entry_tiered
D:14:     layout_roguey, palyth_stone_intersect
D:15:     grunt_enter_depths_giant_problem, layout_basic,
          chequers_serial_rivers_micro_b, minmay_between, uniq_jorgrun
Temple:   mainiacjoe_temple_bowtie_tessellation
Lair:1:   layout_chaotic_city
Lair:2:   layout_chaotic_city, columned_hall_lemuel,
          infiniplex_staircase_pool_2, lemuel_fruit_fields, lemuel_fruit_tree,
          uniq_erica
Lair:3:   nzn_winding_woodlands_stair_cross
          [nzn_winding_woodlands_5x15_lazy_stream,
          nzn_winding_woodlands_center_diamonds,
          nzn_winding_woodlands_5x15_cabin,
          nzn_winding_woodlands_5x5_checkerboard,
          nzn_winding_woodlands_5x5_three, nzn_winding_woodlands_5x15_jagged,
          nzn_winding_woodlands_center_lodge, nzn_winding_woodlands_5x15_twine],
          layout_chaotic_city, elwin_shoals_entry_rocks,
          minmay_snake_entry_guardpost_medium, gammafunk_ghost_hydra_chop,
          basic_altar, beast_lair_carwin_5
Lair:4:   layout_hall_layers, chequers_serial_rivers_micro_a, grunt_megastairs_2
Lair:5:   layout_cave_pods, basic_altar, grunt_megastairs_4
Lair:6:   gammafunk_lair_ancient_temple, layout_gridlike, slime_dummy
Snake:1:  layout_onion_interference, minmay_shop_mass, grunt_megastairs_3,
          uniq_nikola
Snake:2:  layout_onion, abandoned_shop, serial_bayou_shore_b
Snake:3:  layout_cave_town, serial_shops, shop,
          gammafunk_ghost_wrathful_warriors, uniq_mlioglotl, uniq_saint_roka,
          uniq_donald
Orc:1:    layout_caves, enter_volcano_4, uniq_sonja
Orc:2:    st_orc_rangers, layout_diamond_mine, chequers_guarded_unrand_ignorance

Skill      XL: |  1  2  3  4  5  6  7  8  9 10 11 12 13 14 15 16 |
---------------+-------------------------------------------------+-----
Spellcasting   | 3 4 5 6 7 8 10 11 12 13 14 15 16 | 16.7
Hexes          | 4 5 6 8 9 10 11 12 13 14 15 16 17 | 17.0
Stealth        | 5 6 8 10 12 13 15 16 17 18 19 20 | 20.9
Dodging        | 3 6 8 9 11 12 14 15 | 15.1
Fighting       | 1 3 4 5 7 8 9 |  9.8
Short Blades   | 2 4 6 7 9 10 11 12 | 12.0
Earth Magic    | 3 |  3.0

Action                   |  1- 3 |  4- 6 |  7- 9 | 10-12 | 13-15 | 16-18 || total
-------------------------+-------+-------+-------+-------+-------+-------++-------
Melee: Dagger            |    85 |   228 |   240 |   310 |  1074 |   195 ||  2132
       Punch             |     1 |     1 |     5 |     1 |    16 |     2 ||    26
       Kick              |       |       |       |    68 |   370 |    72 ||   510
Throw: Dart              |       |       |     7 |       |       |       ||     7
 Cast: Ensorcelled Hiber |     4 |     4 |    37 |   110 |   216 |    41 ||   412
       Confusing Touch   |       |     3 |     2 |    11 |    25 |     7 ||    48
       Tukima's Dance    |       |     2 |    10 |    21 |    85 |    22 ||   140
       Dazzling Flash    |       |       |       |     2 |     1 |       ||     3
       Summon Mana Viper |       |       |       |       |     1 |       ||     1
Invok: Shadow Step       |       |       |       |       |     7 |     2 ||     9
Evoke: Lightning rod     |       |       |       |     4 |     6 |     1 ||    11
       Phantom mirror    |       |       |       |     2 |     1 |       ||     3
       Wand              |       |       |       |       |     7 |     4 ||    11
       Tin of tremorston |       |       |       |       |     3 |       ||     3
       Condenser vane    |       |       |       |       |     3 |     1 ||     4
  Use: Scroll            |     1 |     6 |     6 |    12 |    11 |     3 ||    39
       Potion            |     1 |     2 |     2 |     8 |    15 |     8 ||    36
 Stab: Sleeping          |     6 |    11 |    31 |    81 |   230 |    51 ||   410
       Confused          |       |     2 |     2 |    13 |    23 |     7 ||    47
       Distracted        |       |     1 |     1 |     1 |    13 |     2 ||    18
       Invisible         |       |       |     3 |       |     4 |       ||     7
Armor: Robe              |     6 |    18 |    46 |    15 |    30 |       ||   115
       Steam dragon scal |       |       |       |       |    21 |     9 ||    30
Dodge: Dodged            |    63 |   124 |   250 |   318 |   909 |   206 ||  1870
Block: Other             |    15 |    25 |       |       |       |       ||    40
       Reflection        |       |     1 |       |       |       |       ||     1

Table legend: (Time is in decaauts)
 A = Elapsed time spent in this place.
 B = Non-inter-level travel time spent in this place.
 C = Inter-level travel time spent in this place.
 D = Time resting spent in this place.
 E = Time spent auto-exploring this place.
 F = Levels seen in this place.
 G = Mean time per level.
                   A        B        C        D        E       F      G
               +--------+--------+--------+--------+--------+-----+--------+
         Total |  17535 |  16644 |    891 |   1657 |  10148 |  28 |  626.2 |
       Dungeon |   9704 |   9174 |    530 |    797 |   5793 |  15 |  646.9 |
        Temple |     65 |     43 |     22 |      0 |     34 |   1 |   65.0 |
          Lair |   4020 |   3853 |    167 |    403 |   2351 |   6 |  670.0 |
     Snake Pit |   2382 |   2253 |    129 |    414 |   1290 |   3 |  794.0 |
  Orcish Mines |   1081 |   1040 |     41 |      6 |    613 |   2 |  540.5 |
       Volcano |    281 |    281 |      0 |     36 |     65 |   1 |  281.0 |
               +--------+--------+--------+--------+--------+-----+--------+

Top non-repeatable levels by time:
 Snake:1: 1115 daAuts
  Lair:3: 1088 daAuts
     D:3: 1047 daAuts
  Lair:6: 1019 daAuts
    D:13: 1002 daAuts
     D:9: 921 daAuts
     D:1: 777 daAuts
 Snake:2: 763 daAuts
     D:4: 733 daAuts
   Orc:2: 716 daAuts
     D:8: 683 daAuts
     D:7: 634 daAuts
     D:2: 593 daAuts
  Lair:5: 551 daAuts
    D:10: 532 daAuts
